 Dungeon Crawl Stone Soup version 0.28.0-43-g3370ac3207 (webtiles) character file.

Game seed: 4062035445638259523

120 demenzo the Cutter (level 5, -2/37 HPs)
             Began as an Octopode Cinder Acolyte on Mar 30, 2022.
             Was a High Priest of Ignis.
             Slain by Crazy Yiuf
             ... wielding a +2 quarterstaff of chaos
              (16 damage)
             ... on level 2 of the Dungeon.
             The game lasted 00:02:48 (2285 turns).

demenzo the Cutter (Octopode Cinder Acolyte)        Turns: 2285, Time: 00:02:49

Health: -2/37      AC:  2    Str: 13    XL:     5   Next: 4%
Magic:  6/6        EV: 12    Int: 19    God:    Ignis [*****.]
Gold:   109        SH:  0    Dex:  7    Spells: 6/6 levels left

rFire   + . .      SeeInvis .   a - -1 short sword (flame)
rCold   . . .      Faith    .   (no shield)
rNeg    . . .      Spirit   .   h - +1 hat
rPois   .          Reflect  .   (no amulet)
rElec   .          Harm     .   (no ring)
rCorr   .          Rampage  .   (no ring)
Will    .....                   (no ring)
Stlth   +++.......              (no ring)
HPRegen 0.12/turn               (no ring)
MPRegen 0.10/turn               (no ring)
                                (no ring)
                                (no ring)

@: hasted, very quick
A: almost no armour, amphibious, 8 rings, camouflage 1, gelatinous body 1,
(nimble swimmer 1), tentacles
a: Renounce Religion, Fiery Armour, Foxfire Swarm, Rising Flame


You were on level 2 of the Dungeon.
You worshipped Ignis.
Ignis was extremely pleased with you.
You visited 1 branch of the dungeon, and saw 2 of its levels.

You collected 109 gold pieces.

Inventory:

Hand Weapons
 a - a -1 short sword of flaming (weapon)
Missiles
 c - 12 stones (quivered)
Armour
 h - a +1 hat (worn)
Scrolls
 d - a scroll of teleportation {unknown}
 g - a scroll of acquirement {unknown}
Potions
 b - a potion of curing
 e - 5 potions of attraction {unknown}
 f - 2 potions of ambrosia {unknown}


   Skills:
 + Level 3.8 Fighting
 * Level 4.4 Short Blades
 + Level 2.9 Stealth
 - Level 1.0 Spellcasting
 - Level 3.0 Fire Magic


You had 6 spell levels left.
You didn't know any spells.
Your spell library contained the following spells:

 Spells                   Type           Power      Damage    Failure   Level
 Scorch                   Fire           24%        2d6       9%          2
 Animate Skeleton         Necr           0%         N/A       19%         1
 Pain                     Necr           0%         1d4       19%         1
 Ignite Poison            Fire/Tmut/Pois 4%         N/A       36%         3
 Lesser Beckoning         Tloc           0%         N/A       50%         3
 Vampiric Draining        Necr           0%         2d6       50%         3
 Passage of Golubria      Tloc           0%         N/A       88%         4


Dungeon Overview and Level Annotations

Branches:
Dungeon (2/15)

Altars:
Zin

Annotations:
D:2 Crazy Yiuf


Innate Abilities, Weirdness & Mutations

You cannot wear most types of armour.
You are amphibious.
You can wear up to eight rings at the same time.
Your skin changes colour to match your surroundings (Stealth+).
Your rubbery body absorbs attacks. (AC +1, EV +1)
((You are camouflaged when in or above water. (Stealth+)))
You have tentacles for arms and can constrict up to eight enemies at once.


Message History

You hit the bush but do no damage. You squeeze the bush, but do no damage.
The bush is almost destroyed.
You hit the bush but do no damage. You squeeze the bush, but do no damage.
The bush is almost destroyed.
You hit the bush but do no damage.
The bush is almost destroyed.
You hit the bush but do no damage.
The bush is almost destroyed.
You hit the bush but do no damage.
The bush is almost destroyed.
You hit the bush but do no damage.
The bush is almost destroyed.
You hit the bush. You burn the bush. You squeeze the bush.
The bush is almost destroyed.
You hit the bush. You burn the bush.
The bush is almost destroyed.
You hit the bush but do no damage.
The bush is almost destroyed.
You hit the bush. You burn the bush.
The bush is almost destroyed.
You hit the bush. You burn the bush.
You destroy the bush!
Found a mace.
Found a runed translucent door.
You open the door.
There is an open translucent door here.
Crazy Yiuf shouts!
Crazy Yiuf hits you with a +2 quarterstaff of chaos!
You feel yourself speed up.
Unknown command.
You hit Crazy Yiuf. You burn Crazy Yiuf. You grab Crazy Yiuf.
Crazy Yiuf is moderately wounded.
You constrict Crazy Yiuf.
Crazy Yiuf says, "Seed aubergine meccalolo!"
Crazy Yiuf closely misses you.
You barely miss Crazy Yiuf.
Crazy Yiuf is moderately wounded.
You constrict Crazy Yiuf.
Crazy Yiuf hits you with a +2 quarterstaff of chaos!
You are electrocuted!
You die...

...............#
#.##.#.#......
...............#
#......#......
...............#
####..........
.)...###########
##.#.##'### .....#
####...##)###
##.####♣♣♣♣♣
#......).)...
##..#....♣.♣♣♣#####
#.....>......
###.).)♣P.♣..♣#...#
#............
#..))PP♣♣♣♣.'.@g#
#............
##...P♣♣ ♣♣#..)#
#............
####♣♣ #####
#..####...... #..#
#...... #..#
#......
###########..#
#......
#............#
#......
#............#
#######
#............#


You could see Crazy Yiuf.

Vanquished Creatures
  Terence (D:2)
  A gnoll (D:1)
  3 adders (D:2)
  2 dart slugs
  4 bats (D:2)
  6 endoplasms
  2 giant cockroaches
  7 goblins
  8 hobgoblins
  2 quokkas (D:2)
  4 ball pythons
  A frilled lizard (D:1)
  9 kobolds
  3 rats
  A bush (D:2)
54 creatures vanquished.

Notes
Turn   | Place    | Note
-------+----------+-------------------------------------------
     0 | D:1      | demenzo the Octopode Cinder Acolyte began the quest for the
                  | Orb.
     0 | D:1      | Reached XP level 1. HP: 16/16 MP: 2/2
    19 | D:1      | Found a faded altar of an unknown god.
   237 | D:1      | Reached XP level 2. HP: 11/21 MP: 3/3
   408 | D:1      | Reached skill level 1 in Stealth
   487 | D:1      | You fall into a shaft and drop 1 floor!
   488 | D:2      | Noticed Terence
   503 | D:2      | Killed Terence
   504 | D:2      | Reached XP level 3. HP: 12/26 MP: 4/4
   748 | D:2      | HP: 1/26 [frozen (5)]
  1080 | D:2      | Reached skill level 4 in Short Blades
  1086 | D:2      | Reached XP level 4. HP: 25/31 MP: 5/5
  1436 | D:2      | Found a glowing silver altar of Zin.
  1762 | D:1      | Reached XP level 5. HP: 24/37 MP: 6/6
  2016 | D:2      | Got the Grimoire of Toxins and the Traveller
  2276 | D:2      | Found a runed translucent door.
  2277 | D:2      | Noticed Crazy Yiuf
  2285 | D:2      | Slain by Crazy Yiuf

Illustrated notes

Levels and vault maps discovered:
D:1:      dpeg_arrival_rooms_a, layout_rooms, basic_ecumenical_altar,
          nicolae_grassy_gnolls
D:2:      layout_basic, basic_altar, serial_park_tiny_1,
          uniq_crazy_yiuf_cottage, uniq_terence

Skill      XL: |  1  2  3 |
---------------+----------+-----
Stealth        | 1 2 |  2.9
Short Blades   | 4 |  4.4
Fighting       | |  3.8
Spellcasting   | |  1.0
Fire Magic     | |  3.0

Action                   |  1- 3 |  4- 6 || total
-------------------------+-------+-------++-------
Melee: Short sword       |    49 |   153 ||   202
       Tentacles         |    11 |    46 ||    57
       Constrict         |    11 |    10 ||    21
       Punch             |     1 |     2 ||     3
Invok: Fiery Armour      |     1 |       ||     1
  Use: Potion            |       |     1 ||     1
 Stab: Sleeping          |     2 |     3 ||     5
       Distracted        |       |     1 ||     1
Armor: Skin              |     9 |     2 ||    11
Dodge: Dodged            |    38 |    43 ||    81
